BSA
AUSTIN RIVER SHARKS @ NASHVILLE G-STRINGS
06/26/2029
 
TOP OF THE 1ST
Austin River Sharks batting - Pitching for Nashville G-Strings : LHP Kip Manning
Pitching: LHP Kip Manning
Batting: LHB José Liñares 0-0: Ball
1-0: Ball
2-0: Ball
3-0: Called Strike
3-1: Foul Ball, location: 2F
3-2: SINGLE (Groundball, 6) (infield hit)
Batting: RHB Júlio Figueroa 0-0: Ground out 6-3 (Groundball, 6)
José Liñares to second
Batting: RHB Pedro Guzmán 0-0: Called Strike
0-1: Ball
1-1: Ball
2-1: Ground out 5-3 (Groundball, 56)
Batting: RHB Edward Young 0-0: Called Strike
0-1: Foul Ball, location: 2F
0-2: Foul Ball, location: 2F
0-2: Hit by Pitch
Batting: LHB Greg Nelson 0-0: Ball
1-0: Foul Ball, location: 2F
1-1: Ball
2-1: Called Strike
2-2: Ball
3-2: Foul Ball, location: 2F
3-2: Foul Ball, location: 2F
3-2: Strikes out swinging, 2-3 out at first.
Top of the 1st over - 0 runs, 1 hit, 0 errors, 2 left on base; Austin 0 - Nashville 0
BOTTOM OF THE 1ST
Nashville G-Strings batting - Pitching for Austin River Sharks : RHP António Rijo
Pitching: RHP António Rijo
Batting: RHB Eric Thompson 0-0: Called Strike
0-1: Ball
1-1: Ball
2-1: Ball
3-1: Foul Ball, location: 2F
3-2: Foul Ball, location: 2F
3-2: Fly out, F8 (Flyball, 8LD)
Batting: LHB George Smith 0-0: Called Strike
0-1: Swinging Strike
0-2: Ball
1-2: Ground out 3-1 (Groundball, 34D)
Batting: RHB Sergio Márquez 0-0: Called Strike
0-1: Ball
1-1: Foul Ball, location: 2F
1-2: Foul Ball, location: 2F
1-2: Ground out 6-3 (Groundball, 6)
Bottom of the 1st over - 0 runs, 0 hits, 0 errors, 0 left on base; Austin 0 - Nashville 0
TOP OF THE 2ND
Austin River Sharks batting - Pitching for Nashville G-Strings : LHP Kip Manning
Batting: RHB Tony Cruz 0-0: Ball
1-0: Foul Ball, location: 2F
1-1: Ball
2-1: Swinging Strike
2-2: Strikes out swinging
Batting: RHB Andy Aiton 0-0: Ball
1-0: Called Strike
1-1: Foul Ball, location: 2F
1-2: Foul Ball, location: 2F
1-2: Ball
2-2: Ball
3-2: Base on Balls
Batting: RHB Dan Wyatt 0-0: Ball
1-0: Foul Ball, location: 2F
1-1: DOUBLE (Line Drive, 3D)
Andy Aiton to third
Batting: LHB Harry Pitts 0-0: Ball
1-0: Swinging Strike
1-1: Called Strike
1-2: Strikes out swinging
Batting: LHB José Liñares 0-0: Ball
1-0: Fly out, F4 (Line Drive, 4MS)
Top of the 2nd over - 0 runs, 1 hit, 0 errors, 2 left on base; Austin 0 - Nashville 0
BOTTOM OF THE 2ND
Nashville G-Strings batting - Pitching for Austin River Sharks : RHP António Rijo
Batting: SHB Rob Grun 0-0: SINGLE (Groundball, 34D)
Batting: RHB Jesús Cabrera 0-0: Ball
Rob Grun is caught stealing 2nd base
1-0: Foul Ball, location: 2F
1-1: Ball
2-1: Ball
3-1: DOUBLE (Line Drive, 7LM)
Batting: RHB John Denton 0-0: Ball
Throwing error on steal attempt, E2
Jesús Cabrera scores
1-0: Fly out, F8 (Flyball, 8RM)
Batting: RHB Greg King 0-0: Ball
1-0: Ball
2-0: Ball
3-0: Base on Balls
Batting: RHB Wilfred Martin 0-0: Called Strike
0-1: Ball
1-1: Ball
2-1: Called Strike
2-2: Strikes out swinging
Bottom of the 2nd over - 1 run, 2 hits, 1 error, 1 left on base; Austin 0 - Nashville 1
TOP OF THE 3RD
Austin River Sharks batting - Pitching for Nashville G-Strings : LHP Kip Manning
Batting: RHB Júlio Figueroa 0-0: Called Strike
0-1: Ball
1-1: Ball
2-1: Ball
3-1: Ground out 6-3 (Groundball, 6)
Batting: RHB Pedro Guzmán 0-0: SINGLE (Line Drive, 78S)
Batting: RHB Edward Young 0-0: Foul Ball, location: 2F
0-1: Ball
1-1: Swinging Strike
1-2: Strikes out swinging
Batting: LHB Greg Nelson 0-0: Ball
1-0: Foul Ball, location: 2F
1-1: Ball
2-1: Ground out 2-3 (Groundball, 15S)
Top of the 3rd over - 0 runs, 1 hit, 0 errors, 1 left on base; Austin 0 - Nashville 1
BOTTOM OF THE 3RD
Nashville G-Strings batting - Pitching for Austin River Sharks : RHP António Rijo
Batting: LHB Jesús Núñez 0-0: Ball
1-0: Ball
2-0: Ground out U3 (Groundball, 3L)
Batting: RHB Eric Thompson 0-0: Foul Ball, location: 2F
0-1: Ball
1-1: Swinging Strike
1-2: Ball
2-2: Ground out 6-3 (Groundball, 6)
Batting: LHB George Smith 0-0: Ball
1-0: Ball
2-0: Foul Ball, location: 2F
2-1: Foul Ball, location: 2F
2-2: Ball
3-2: Reached on error, E4 (Groundball, 4)
Batting: RHB Sergio Márquez 0-0: Foul Ball, location: 2F
0-1: Ball
1-1: Foul Ball, location: 2F
1-2: Strikes out looking
Bottom of the 3rd over - 0 runs, 0 hits, 1 error, 1 left on base; Austin 0 - Nashville 1
TOP OF THE 4TH
Austin River Sharks batting - Pitching for Nashville G-Strings : LHP Kip Manning
Batting: RHB Tony Cruz 0-0: Ball
1-0: Ball
2-0: Ball
3-0: Called Strike
3-1: DOUBLE (Line Drive, 7LS)
Batting: RHB Andy Aiton 0-0: Swinging Strike
0-1: Ground out 4-3 (Groundball, 4)
Tony Cruz to third
Batting: RHB Dan Wyatt 0-0: Foul Ball, location: 2F
0-1: Ball
1-1: SINGLE (Line Drive, 6MD)
Tony Cruz scores
Batting: LHB Harry Pitts 0-0: Ball
1-0: Called Strike
1-1: Foul Ball, location: 2F
1-2: SINGLE (Flyball, 9S)
Dan Wyatt to second
Runner from 2nd tries for 3rd, SAFE, throw made to third
Batting: LHB José Liñares 0-0: Ball
1-0: Foul Ball, location: 2F
1-1: Ball
2-1: Foul Ball, location: 2F
2-2: Ball
3-2: Strikes out swinging
Harry Pitts is caught stealing 2nd base
Batter strikes out.
Top of the 4th over - 1 run, 3 hits, 0 errors, 1 left on base; Austin 1 - Nashville 1
BOTTOM OF THE 4TH
Nashville G-Strings batting - Pitching for Austin River Sharks : RHP António Rijo
Batting: SHB Rob Grun 0-0: Ball
1-0: Ball
2-0: Ground out 3-1 (Groundball, 3S)
Batting: RHB Jesús Cabrera 0-0: Called Strike
0-1: Ball
1-1: SINGLE (Groundball, 56D)
Batting: RHB John Denton 0-0: Ball
1-0: Called Strike
1-1: Ball
Throwing error on steal attempt, E2
Jesús Cabrera to third
2-1: Swinging Strike
2-2: Ball
3-2: Strikes out swinging
Batting: RHB Greg King 0-0: 2-RUN HOME RUN (Flyball, 7D), Distance : 391 ft
Batting: RHB Wilfred Martin 0-0: Fly out, F8 (Flyball, 8LD)
Bottom of the 4th over - 2 runs, 2 hits, 1 error, 0 left on base; Austin 1 - Nashville 3
TOP OF THE 5TH
Austin River Sharks batting - Pitching for Nashville G-Strings : LHP Kip Manning
Batting: RHB Júlio Figueroa 0-0: Ground out 5-3 (Groundball, 56)
Batting: RHB Pedro Guzmán 0-0: Ground out 6-3 (Groundball, 6M)
Batting: RHB Edward Young 0-0: Ground out 6-3 (Groundball, 6)
Top of the 5th over - 0 runs, 0 hits, 0 errors, 0 left on base; Austin 1 - Nashville 3
BOTTOM OF THE 5TH
Nashville G-Strings batting - Pitching for Austin River Sharks : RHP António Rijo
Batting: LHB Jesús Núñez 0-0: Ball
1-0: Ball
2-0: Ball
3-0: Called Strike
3-1: Reached on error, E9 (Flyball, 89M)
Batting: RHB Eric Thompson 0-0: Ball
1-0: Fly out, F4 (Line Drive, 4M)
Batting: LHB George Smith 0-0: Called Strike
Throwing error on steal attempt, E2
Jesús Núñez to third
0-1: Swinging Strike
0-2: Strikes out swinging
Batting: RHB Sergio Márquez 0-0: Called Strike
0-1: Called Strike
0-2: Ball
1-2: Foul Ball, location: 2F
1-2: Ball
2-2: Foul Ball, location: 2F
2-2: Ball
3-2: Foul Ball, location: 2F
3-2: Foul Ball, location: 2F
3-2: DOUBLE (Groundball, 5L)
Jesús Núñez scores
Batting: SHB Rob Grun 0-0: Called Strike
0-1: Fly out, F8 (Flyball, 8RM)
Bottom of the 5th over - 1 run, 1 hit, 2 errors, 1 left on base; Austin 1 - Nashville 4
TOP OF THE 6TH
Austin River Sharks batting - Pitching for Nashville G-Strings : LHP Kip Manning
Pitching: LHP Raúl Sandoval
Batting: LHB Greg Nelson 0-0: SINGLE (Groundball, 4MD)
Batting: RHB Tony Cruz 0-0: Ball
1-0: Ball
2-0: Fly out, F8 (Flyball, 8RS)
Batting: RHB Andy Aiton 0-0: Called Strike
0-1: Ball
1-1: Called Strike
1-2: SINGLE (Flyball, 56D)
Greg Nelson to second
Batting: RHB Dan Wyatt 0-0: Called Strike
0-1: Reached on error, E5 (Groundball, 56S)
Greg Nelson to third
Andy Aiton to second
Batting: LHB Harry Pitts 0-0: Ball
1-0: Foul Ball, location: 2F
1-1: Ball
2-1: Swinging Strike
2-2: Ball
3-2: Strikes out swinging
Batting: LHB José Liñares 0-0: Ground out 4-3 (Groundball, 34)
Top of the 6th over - 0 runs, 2 hits, 1 error, 3 left on base; Austin 1 - Nashville 4
BOTTOM OF THE 6TH
Nashville G-Strings batting - Pitching for Austin River Sharks : RHP António Rijo
Batting: RHB Jesús Cabrera 0-0: Called Strike
0-1: Swinging Strike
0-2: Strikes out swinging
Batting: RHB John Denton 0-0: Ball
1-0: Fly out, F3 (Line Drive, 34)
Batting: RHB Greg King 0-0: Ball
1-0: Fly out, F8 (Flyball, 78XD)
Bottom of the 6th over - 0 runs, 0 hits, 0 errors, 0 left on base; Austin 1 - Nashville 4
TOP OF THE 7TH
Austin River Sharks batting - Pitching for Nashville G-Strings : LHP Raúl Sandoval
Batting: RHB Júlio Figueroa 0-0: Ball
1-0: Ground out 6-3 (Groundball, 6)
Batting: RHB Pedro Guzmán 0-0: SINGLE (Groundball, 6MD)
Batting: RHB Edward Young 0-0: Foul Ball, location: 2F
0-1: Ball
Wild Pitch!
Pedro Guzmán to second
1-1: Fly out, F7 (Flyball, 7S)
Batting: LHB Greg Nelson 0-0: Swinging Strike
0-1: Ball
1-1: Foul Ball, location: 2F
1-2: Strikes out swinging
Top of the 7th over - 0 runs, 1 hit, 0 errors, 1 left on base; Austin 1 - Nashville 4
BOTTOM OF THE 7TH
Nashville G-Strings batting - Pitching for Austin River Sharks : RHP António Rijo
Pitching: RHP Jean Burrows
Batting: RHB Wilfred Martin 0-0: Ball
1-0: Ball
2-0: Ball
3-0: Called Strike
3-1: Called Strike
3-2: DOUBLE (Line Drive, 7LM)
Pitching: LHP António Bueno
Batting: LHB Jesús Núñez 0-0: Swinging Strike
0-1: Swinging Strike
0-2: Ball
1-2: Foul Ball, location: 2F
1-2: Ball
2-2: Foul Ball, location: 2F
2-2: Strikes out swinging
Batting: RHB Eric Thompson 0-0: Intentional Walk
Batting: LHB George Smith 0-0: Called Strike
0-1: Called Strike
0-2: Foul Ball, location: 2F
0-2: Strikes out swinging
Pitching: RHP Josh Graham
Batting: RHB Sergio Márquez 0-0: Ball
1-0: Foul Ball, location: 2F
1-1: Called Strike
1-2: Ground out 4-3 (Groundball, 4)
Bottom of the 7th over - 0 runs, 1 hit, 0 errors, 2 left on base; Austin 1 - Nashville 4
TOP OF THE 8TH
Austin River Sharks batting - Pitching for Nashville G-Strings : LHP Raúl Sandoval
Batting: RHB Tony Cruz 0-0: Called Strike
0-1: Ball
1-1: Swinging Strike
1-2: Ground out 5-3 (Groundball, 56)
Batting: RHB Andy Aiton 0-0: Ball
1-0: Called Strike
1-1: Ball
2-1: Fly out, F9 (Flyball, 89S)
Batting: RHB Dan Wyatt 0-0: Swinging Strike
0-1: Foul Ball, location: 2F
0-2: Ball
1-2: Foul Ball, location: 2F
1-2: Foul Ball, location: 2F
1-2: Ball
2-2: Strikes out swinging
Top of the 8th over - 0 runs, 0 hits, 0 errors, 0 left on base; Austin 1 - Nashville 4
BOTTOM OF THE 8TH
Nashville G-Strings batting - Pitching for Austin River Sharks : RHP Josh Graham
Batting: SHB Rob Grun 0-0: Ground out 3-1 (Groundball, 34S)
Batting: RHB Jesús Cabrera 0-0: Ball
1-0: Foul Ball, location: 2F
1-1: Ground out 6-3 (Groundball, 56D)
Batting: RHB John Denton 0-0: Called Strike
0-1: DOUBLE (Flyball, 89D)
Batting: RHB Greg King 0-0: Ball
1-0: Ball
2-0: Called Strike
2-1: Swinging Strike
2-2: Ball
3-2: Base on Balls
Batting: RHB Wilfred Martin 0-0: Foul Ball, location: 2F
0-1: Ball
1-1: Fielders Choice at 2nd, 5-4 (Groundball, 56)
Bottom of the 8th over - 0 runs, 1 hit, 0 errors, 2 left on base; Austin 1 - Nashville 4
TOP OF THE 9TH
Austin River Sharks batting - Pitching for Nashville G-Strings : LHP Raúl Sandoval
Pitching: RHP Johnathan Phillips
Batting: LHB Harry Pitts 0-0: Ball
1-0: Foul Ball, location: 2F
1-1: Swinging Strike
1-2: Ball
2-2: Strikes out looking
Batting: LHB José Liñares 0-0: Called Strike
0-1: Swinging Strike
0-2: Foul Ball, location: 2F
0-2: Ball
1-2: Strikes out swinging
Batting: RHB Júlio Figueroa 0-0: Ground out 6-3 (Groundball, 6M)
Top of the 9th over - 0 runs, 0 hits, 0 errors, 0 left on base; Austin 1 - Nashville 4
Saturday, December 16th, 2017 - OOTP Baseball 18.8 Build 76